 Dungeon Crawl Stone Soup version 0.32-a0-673-g3729bd50f8 (webtiles) character file.

Game seed: 741185853768947441

2530 graki42 the Destroyer (level 9, -1/66 HPs)
             Began as a Gnoll Conjurer on Mar 10, 2024.
             Was an Initiate of Sif Muna.
             Slain by an orc warrior
             ... wielding a +0 halberd
              (13 damage)
             ... in a bailey.
             The game lasted 00:17:34 (6705 turns).

graki42 the Destroyer (Gnoll Conjurer)              Turns: 6705, Time: 00:17:35

Health: -1/66      AC:  4    Str:  7    XL:     9   Next: 54%
Magic:  0/19       EV: 13    Int: 22    God:    Sif Muna [......]
Gold:   402        SH:  0    Dex: 10    Spells: 10/21 levels left

rFire   . . .        d - +0 dagger (drain)
rCold   . . .        (no shield)
rNeg    . . .        a - +0 robe
rPois   +            (no helmet)
rElec   .            f - +0 cloak
rCorr   .            (no gloves)
SInv    .            e - +0 pair of boots
Will    +....        (no amulet)
Stlth   +++          w - ring of willpower
HPRegen 0.31/turn    g - ring of poison resistance
MPRegen 0.16/turn

%: no passive effects
@: no status effects
A: fangs 1, strong nose, distributed training
a: Renounce Religion


You were in a bailey.
You worshipped Sif Muna.
Sif Muna was noncommittal.
You visited 2 branches of the dungeon, and saw 8 of its levels.
You also visited: Bailey.

You collected 402 gold pieces.

Inventory:

Hand Weapons
 d - a +0 dagger of draining (weapon)
Missiles
 b - 6 datura-tipped darts
 i - 5 poisoned darts
Armour
 a - a +0 robe (worn)
 e - a +0 pair of boots (worn)
 f - a +0 cloak (worn)
Jewellery
 g - a ring of poison resistance (right hand)
 k - a ring of fire
 p - a +6 ring of dexterity
 w - a ring of willpower (left hand)
Wands
 u - a wand of flame (17)
 v - a wand of paralysis (14)
Scrolls
 h - 2 scrolls of fog
 j - a scroll of torment {unknown}
 l - a scroll of fear {unknown}
 n - 3 scrolls of identify
 s - a scroll of brand weapon {unknown}
 t - a scroll of immolation {unknown}
Potions
 c - 2 potions of enlightenment {unknown}
 m - 4 potions of curing
 o - a potion of brilliance {unknown}
 q - 2 potions of cancellation {unknown}
 r - a potion of mutation {unknown}
 x - 3 potions of heal wounds {unknown}
 z - a potion of magic


   Skills:
 + Level 4.5 Fighting
 + Level 4.5 Short Blades
 + Level 4.5 Long Blades
 + Level 4.5 Axes
 + Level 4.5 Maces & Flails
 + Level 4.5 Polearms
 + Level 4.5 Staves
 + Level 4.5 Ranged Weapons
 + Level 4.5 Throwing
 + Level 4.5 Armour
 + Level 6.5 Dodging
 + Level 6.2 Stealth
 + Level 4.5 Shields
 + Level 4.5 Unarmed Combat
 + Level 6.8 Spellcasting
 + Level 8.1 Conjurations
 + Level 3.7 Hexes
 + Level 3.7 Summonings
 + Level 3.7 Necromancy
 + Level 3.7 Translocations
 + Level 3.7 Fire Magic
 + Level 3.7 Ice Magic
 + Level 3.7 Air Magic
 + Level 3.7 Earth Magic
 + Level 3.7 Alchemy
 + Level 5.0 Invocations
 + Level 4.5 Evocations
 + Level 4.1 Shapeshifting


You had 10 spell levels left.
You knew the following spells:

 Your Spells              Type           Power      Damage    Failure   Level
a - Magic Dart            Conj           100%       1d8       1%          1
b - Searing Ray           Conj           86%        2d7       1%          2
c - Fulminant Prism       Conj/Alch      16%        3d11      8%          4
d - Iskenderun's Mystic   Conj/Tloc      33%        2d8       8%          4

Your spell library contained the following spells:

 Spells                   Type           Power      Damage    Failure   Level
 Kiss of Death            Conj/Necr      100%       2d13      1%          1
 Ensorcelled Hibernation  Hex/Ice        46%        N/A       2%          2
 Dazzling Flash           Conj/Hex       66%        N/A       2%          3
 Confusing Touch          Hex            23%        N/A       5%          3
 Passwall                 Erth           23%        N/A       5%          3
 Swiftness                Air            23%        N/A       5%          3
 Volatile Blastmotes      Fire/Tloc      46%        2d13      5%          3
 Dispel Undead            Necr           23%        3d12      19%         4
 Freezing Cloud           Conj/Ice/Air   15%        6-21      28%         5
 Borgnjor's Vile Clutch   Necr/Erth      11%        N/A       45%         5
 Starburst                Conj/Fire      16%        6d6       75%         6
 Orb of Destruction       Conj           21%        9d8       94%         7
 Maxwell's Capacitive Co  Air            11%        ∞         100%        8


Dungeon Overview and Level Annotations

Branches:
Dungeon (7/15)             Temple (1/1) D:6          Bailey (1/1)

Altars:
Ashenzari
Cheibriados
Dithmenos
Elyvilon
Fedhas
Gozag
Hepliaklqana
Makhleb
Nemelex Xobeh
Okawaru
Qazlal
Ru
Sif Muna
Trog
Uskayaw
Wu Jian
Xom
Yredelemnul
Zin
The Shining One

Shops:
D:6 [

Annotations:
D:7 1 runed translucent door Bailey 2 runed translucent doors


Innate Abilities, Weirdness & Mutations

You have very sharp teeth.
Your uncanny sense of smell can sniff out nearby items.
Your experience applies equally to all skills.


Message History

Unknown command.
Casting: Iskenderun's Mystic Blast (dangerous; 8% risk of failure)
Confirm with . or Enter, or press ? or * to list all spells.
You erupt in a blast of force!
The mystic blast hits the orc knight but does no damage.
The orc knight is severely wounded.
The mystic blast hits the orc warrior.
You kill the orc warrior!
Sif Muna accepts your kill.
The orc knight hits you from afar with a +0 halberd!
* * * LOW HITPOINT WARNING * * *
Your Invocations skill increases to level 5!
Okay, then.
Things that are here:
a +0 spear; a +0 chain mail; an orc corpse The orc warrior attacks as it pursues you!
The orc warrior closely misses you.
The orc warrior attacks as it pursues you!
The orc warrior barely misses you.
There is a large open door here.
Casting: Iskenderun's Mystic Blast (dangerous; 8% risk of failure)
Confirm with . or Enter, or press ? or * to list all spells.
Aiming: Searing Ray (safe; 1% risk of failure)
Press: ? - help, Shift-Dir - straight line, f - orc knight
Aim: an orc knight, wielding a +0 halberd and wearing a +0 chain mail (severely wounded, 80% to hit)
The searing ray hits the orc warrior!
The orc warrior is almost dead.
The searing ray misses the orc knight. (Press . to maintain the ray.)
The orc warrior barely misses you.
The searing ray hits the orc knight.
The orc knight is almost dead.
The orc warrior hits you from afar with a +0 halberd!
* * * LOW HITPOINT WARNING * * *
The orc knight closely misses you.
The searing ray hits the orc knight but does no damage.
The orc knight is almost dead.
The orc warrior no longer looks unusually strong.
The orc warrior hits you from afar with a +0 halberd!
You die...

♣♣≈≈≈≈≈.♣# ####..♣≈≈≈≈≈...#
$.##########..#..♣≈≈≈≈..♣.##
.....)........#...≈≈≈≈.....###
#....)..)....##.♣.≈≈≈≈..♣....♣♣♣
#.)########o.#....≈≈≈≈.........♣♣
#...? #ß.#...######.........♣
.#....!!#..#...............∩..♣
..+..##$?#..'o.@...............♣
#..+..# [)#..'o....)............♣
#..#... [$#..#...............∩..♣
#.ß##...[##ß.#...######.........♣
.########..#....≈≈≈≈..♣......♣♣
........)).##...≈≈≈≈..♣♣...♣♣♣
........)...#...≈≈≈≈.....###
##########..#..≈≈≈≈≈..
####..≈≈≈≈...


You could see an orc knight and an orc warrior.

Vanquished Creatures
  The ghost of shadizar the Geomancer, a novice GrEE (D:5)
  Grinder (D:5)
  Prince Ribbit (D:6)
  Menkaure (D:4)
  An ice beast (D:5)
  4 orc warriors
  2 black bears (D:6)
  3 ogres
  A bullfrog (D:5)
  A howler monkey (D:6)
  The ghost of fpsbossfight the Digger, a weakling DrEE (D:3)
  3 bombardier beetles
  2 jellies
  2 hounds
  2 orc priests
  A sleepcap (D:3)
  2 iguanas
  An orc wizard (D:6)
  8 gnolls
  6 adders
  A white imp (D:6)
  4 ufetubi (D:5)
  A ribbon worm (D:3)
  2 dart slugs (D:3)
  17 orcs
  2 ball pythons (D:3)
  6 endoplasms
  5 giant cockroaches
  15 goblins
  10 hobgoblins
  12 jackals
  5 kobolds
  4 quokkas
  4 bats
  5 frilled lizards
  2 rats (D:1)
139 creatures vanquished.

Vanquished Creatures (others)
  A fulminant prism (Bailey)
1 creature vanquished.

Grand Total: 140 creatures vanquished

Notes
Turn   | Place    | Note
-------+----------+-------------------------------------------
     0 | D:1      | graki42 the Gnoll Conjurer began the quest for the Orb.
     0 | D:1      | Reached XP level 1. HP: 13/13 MP: 6/6
    88 | D:1      | Reached XP level 2. HP: 19/19 MP: 3/7
    91 | D:1      | Learned a level 2 spell: Searing Ray
   798 | D:1      | Reached skill level 5 in Spellcasting
   798 | D:1      | Reached XP level 3. HP: 25/25 MP: 6/9
   874 | D:2      | Found a blossoming altar of Fedhas.
  1000 | D:2      | Reached skill level 1 in Invocations
  1346 | D:2      | Reached skill level 1 in Fighting
  1346 | D:2      | Reached skill level 1 in Short Blades
  1346 | D:2      | Reached skill level 1 in Long Blades
  1346 | D:2      | Reached skill level 1 in Axes
  1346 | D:2      | Reached skill level 1 in Maces & Flails
  1346 | D:2      | Reached skill level 1 in Polearms
  1346 | D:2      | Reached skill level 1 in Staves
  1346 | D:2      | Reached skill level 1 in Ranged Weapons
  1346 | D:2      | Reached skill level 1 in Throwing
  1346 | D:2      | Reached skill level 1 in Armour
  1346 | D:2      | Reached skill level 1 in Shields
  1346 | D:2      | Reached skill level 1 in Unarmed Combat
  1346 | D:2      | Reached skill level 1 in Evocations
  1544 | D:2      | Got the Catalogue of the Shot and Evil Liturgies
  1766 | D:3      | Reached skill level 1 in Shapeshifting
  1766 | D:3      | Reached XP level 4. HP: 32/32 MP: 2/11
  1986 | D:3      | Found a runed translucent door.
  1998 | D:3      | Noticed fpsbossfight's ghost (weakling DrEE)
  2007 | D:3      | Killed fpsbossfight's ghost
  2008 | D:3      | Reached skill level 1 in Hexes
  2008 | D:3      | Reached skill level 1 in Summonings
  2008 | D:3      | Reached skill level 1 in Necromancy
  2008 | D:3      | Reached skill level 1 in Translocations
  2008 | D:3      | Reached skill level 1 in Fire Magic
  2008 | D:3      | Reached skill level 1 in Ice Magic
  2008 | D:3      | Reached skill level 1 in Air Magic
  2008 | D:3      | Reached skill level 1 in Earth Magic
  2008 | D:3      | Reached skill level 1 in Alchemy
  2100 | D:3      | Reached XP level 5. HP: 37/37 MP: 7/12
  2156 | D:3      | Learned a level 4 spell: Fulminant Prism
  2161 | D:3      | Learned a level 4 spell: Iskenderun's Mystic Blast
  2436 | D:3      | Found a snail-covered altar of Cheibriados.
  2866 | D:4      | Noticed Menkaure
  3041 | D:4      | Found a stormy altar of Qazlal.
  3050 | D:4      | Reached XP level 6. HP: 44/44 MP: 2/14
  3148 | D:3      | Reached skill level 5 in Dodging
  3224 | D:4      | Killed Menkaure
  3417 | D:4      | Reached XP level 7. HP: 50/50 MP: 9/15
  3702 | D:4      | Reached skill level 5 in Stealth
  4030 | D:5      | Entered Level 5 of the Dungeon
  4160 | D:5      | Noticed Grinder
  4160 | D:5      | Paralysed by Grinder for 3 turns
  4170 | D:5      | Killed Grinder
  4171 | D:5      | Reached XP level 8. HP: 47/58 MP: 6/16
  4461 | D:5      | Found an iron altar of Okawaru.
  4665 | D:5      | Found a runed translucent door.
  4668 | D:5      | Noticed shadizar's ghost (novice GrEE)
  4683 | D:5      | HP: 1/58 [shadizar's ghost (2)]
  4685 | D:5      | Killed shadizar's ghost
  5006 | D:6      | Found a sacrificial altar of Ru.
  5036 | D:6      | Found Deang's Armour Shop.
  5308 | D:6      | Found a bloodstained altar of Trog.
  5315 | D:6      | Reached XP level 9. HP: 50/65 MP: 8/18
  5417 | D:6      | Noticed Prince Ribbit
  5425 | D:6      | Killed Prince Ribbit
  5426 | D:6      | Reached skill level 8 in Conjurations
  5782 | D:6      | Found a hazy altar of Hepliaklqana.
  5817 | D:6      | Found a staircase to the Ecumenical Temple.
  5823 | Temple   | Entered the Ecumenical Temple
  5829 | Temple   | Became a worshipper of Sif Muna the Loreminder
  5953 | D:6      | Found a hide-covered altar of Uskayaw.
  6291 | D:7      | Found a large runed translucent door.
  6306 | D:7      | Found a flagged portal.
  6414 | Bailey   | Entered a bailey
  6626 | Bailey   | Found a large runed translucent door.
  6626 | Bailey   | Found a large runed translucent door.
  6627 | Bailey   | Noticed a deep elf pyromancer
  6684 | Bailey   | Noticed an orc knight
  6686 | Bailey   | Found the +5 glaive of the Guard {elec, spectral}
  6693 | Bailey   | Reached skill level 5 in Invocations
  6705 | Bailey   | Slain by an orc warrior

Illustrated notes

Levels and vault maps discovered:
D:1:      ebering_hopf_link, layout_loops_ring, kennysheep_flooded_box,
          minmay_tetromino_l4
D:2:      layout_basic, basic_altar
D:3:      layout_loops_ring, lemuel_crystal_altar, gammafunk_ghost_grave
D:4:      layout_cave_pools, lemuel_crystal_altar, uniq_menkaure
D:5:      layout_cave_pools, okawaru_metal_pillars_3, gammafunk_ghost_grave,
          uniq_grinder
D:6:      layout_basic, trog_ov_bears_minmay, nicolae_uskayaw_suspiria,
          worldfamousw_hep_ancestral_shrine, nicolae_ru_awakened_eye,
          minmay_temple_entry_enclosed_plants, serial_shops,
          nicolae_shop_pleasant_corner_grove, nicolae_tricolors,
          uniq_prince_ribbit1
D:7:      layout_rooms, mainiacjoe_overflow_catwalk_spiral,
          ebering_ghost_disaster_area, enter_bailey_6, corner_web_ring,
          grunt_ogre_cave, serial_library_regret_index_small_wings,
          uniq_maurice, uniq_crazy_yiuf_cottage
Temple:   nicolae_temple_bog_church
Bailey:   bailey_polearm_elven_captive_hellmonk, bailey

Skill      XL: |  1  2  3  4  5  6  7  8  9 |
---------------+----------------------------+-----
Spellcasting   | 5 6 |  6.8
Invocations    | 1 2 3 4 5 |  5.0
Fighting       | 1 2 3 4 |  4.5
Short Blades   | 1 2 3 4 |  4.5
Long Blades    | 1 2 3 4 |  4.5
Axes           | 1 2 3 4 |  4.5
Maces & Flails | 1 2 3 4 |  4.5
Polearms       | 1 2 3 4 |  4.5
Staves         | 1 2 3 4 |  4.5
Ranged Weapons | 1 2 3 4 |  4.5
Throwing       | 1 2 3 4 |  4.5
Armour         | 1 2 3 4 |  4.5
Shields        | 1 2 3 4 |  4.5
Unarmed Combat | 1 2 3 4 |  4.5
Evocations     | 1 2 3 4 |  4.5
Shapeshifting  | 1 2 3 4 |  4.1
Hexes          | 1 2 3 |  3.7
Summonings     | 1 2 3 |  3.7
Necromancy     | 1 2 3 |  3.7
Translocations | 1 2 3 |  3.7
Fire Magic     | 1 2 3 |  3.7
Ice Magic      | 1 2 3 |  3.7
Air Magic      | 1 2 3 |  3.7
Earth Magic    | 1 2 3 |  3.7
Alchemy        | 1 2 3 |  3.7
Dodging        | 5 6 |  6.5
Stealth        | 5 6 |  6.2
Conjurations   | 8 |  8.1

Action                     |  1- 3 |  4- 6 |  7- 9 || total
---------------------------+-------+-------+-------++-------
  Melee: Dagger            |       |       |     2 ||     2
   Cast: Magic Dart        |    65 |    42 |    35 ||   142
         Searing Ray       |     1 |    17 |    32 ||    50
         Iskenderun's Myst |       |       |    16 ||    16
         Fulminant Prism   |       |       |     1 ||     1
    Use: Potion            |       |     1 |     1 ||     2
         Scroll            |       |       |     3 ||     3
   Stab: Sleeping          |       |       |     2 ||     2
 Armour: Robe              |     2 |    12 |    33 ||    47
  Dodge: Dodged            |     2 |    12 |    41 ||    55

Table legend: (Time is in decaauts)
 A = Elapsed time spent in this place.
 B = Non-inter-level travel time spent in this place.
 C = Inter-level travel time spent in this place.
 D = Time resting spent in this place.
 E = Time spent auto-exploring this place.
 F = Levels seen in this place.
 G = Mean time per level.
                   A        B        C        D        E       F      G
               +--------+--------+--------+--------+--------+-----+--------+
         Total |   6704 |   6599 |    105 |   1213 |   4584 |   9 |  744.9 |
       Dungeon |   6401 |   6296 |    105 |   1038 |   4550 |   7 |  914.4 |
        Temple |     12 |     12 |      0 |      0 |      0 |   1 |   12.0 |
        Bailey |    290 |    290 |      0 |    175 |     34 |   1 |  290.0 |
               +--------+--------+--------+--------+--------+-----+--------+

Top non-repeatable levels by time:
     D:3: 1491 daAuts
     D:6: 1276 daAuts
     D:5: 966 daAuts
     D:1: 874 daAuts
     D:4: 836 daAuts
     D:2: 830 daAuts
  Bailey: 290 daAuts
     D:7: 125 daAuts
  Temple: 12 daAuts
